AoeStats
← 67135820zz

Arena

510465168Analyzed
3v3 RM · 2d ago on Oct 1, 2026· 56m 20s· 6 players
Game mode
Random Map
Map size
Normal (6 player)
Population
200
Speed
Normal
Resources
Standard
Victory
Conquest
Starting age
Dark Age
Ending age
Imperial Age
RankedLock teamsTeams togetherTeam positionsShared explorationLock speedFull tech treeHidden civsTurbo modeCheats
Victory
Defeat
🇧🇷 Celts · Brazil
794
+17
🇨🇱 Mapuche · Chile
794
+17
🇦🇷 Franks · Argentina
752
+18
🇯🇵 Japanese · Japan
830
-18
🇬🇧 Vikings · United Kingdom
825
-18
🇨🇳 Byzantines · China
782
-16
Viejo
10:16 Feudal Age
12:34 Wheelbarrow
12:01 Double-Bit Axe
11:57 Horse Collar
12:03 Horse Collar
19:48 Castle Age
18:48 Gold Mining
18:52 Stone Mining
20:47 Hand Cart
21:11 Bow Saw
21:14 Heavy Plow
21:12 Fletching
21:49 Caravan
22:06 Bodkin Arrow
23:39 Forging
24:22 Gold Shaft Mining
26:26 Iron Casting
27:10 Padded Archer Armor
27:37 Malon
31:58 Imperial Age
31:00 Ballistics
32:21 Leather Archer Armor
32:07 Scale Mail Armor
32:03 Elite Bolas Rider
34:35 Chemistry
34:05 Conscription
35:31 Elite Kona
38:50 Blast Furnace
38:07 Chain Mail Armor
38:22 Ring Archer Armor
41:36 Plate Mail Armor
41:41 Crop Rotation
42:28 Stone Shaft Mining
41:58 Treadmill Crane
42:28 Murder Holes
47:14 Butalmapu
51:21 Loom
51:22 Town Watch
67135820zz
14:23 Feudal Age
18:36 Castle Age
17:04 Double-Bit Axe
17:02 Horse Collar
20:19 Bow Saw
22:23 Gold Mining
36:39 Heavy Plow
38:22 Gold Shaft Mining
40:55 Imperial Age
39:39 Scale Mail Armor
39:49 Forging
40:14 Stone Mining
41:23 Capped Ram
42:02 Elite Woad Raider
42:49 Siege Ram
44:04 Chain Mail Armor
47:26 Wheelbarrow
46:39 Loom
46:39 Town Watch
48:51 Hoardings
55:40 Heavy Scorpion
General
4:18 Loom
10:58 Feudal Age
11:49 Man-at-Arms
14:05 Double-Bit Axe
19:54 Wheelbarrow
21:51 Forging
24:04 Castle Age
22:41 Gold Mining
23:38 Fletching
25:39 Crossbowman
26:36 Long Swordsman
27:50 Gambesons
38:06 Stone Mining
47:02 Murder Holes
48:15 Bow Saw
Greenland Viking
7:39 Loom
12:41 Feudal Age
18:37 Castle Age
16:39 Double-Bit Axe
16:38 Horse Collar
17:14 Forging
18:46 Scale Mail Armor
18:39 Fletching
20:25 Squires
21:54 Stone Mining
22:22 Arson
23:14 Chain Mail Armor
31:07 Iron Casting
34:55 Ballistics
34:32 Murder Holes
34:51 Masonry
40:24 Imperial Age
38:40 Chieftains
40:43 Elite Varangian Guard
42:26 Bodkin Arrow
42:32 Padded Archer Armor
42:26 Crossbowman
43:40 Bracer
43:06 Elite Skirmisher
43:34 Arbalester
46:25 Conscription
46:25 Leather Archer Armor
50:04 Plate Mail Armor
53:18 Chemistry
52:24 Siege Engineers
56:06 Caravan
57:37 Blast Furnace
knight
11:59 Feudal Age
11:40 Loom
16:10 Castle Age
19:31 Double-Bit Axe
20:49 Fervor
20:35 Horse Collar
23:14 Wheelbarrow
24:48 Hand Cart
25:10 Bow Saw
25:08 Heavy Plow
25:24 Gold Mining
25:29 Stone Mining
29:52 Gold Shaft Mining
29:41 Forging
30:26 Squires
30:31 Scale Mail Armor
35:29 Imperial Age
35:05 Chain Mail Armor
35:28 Iron Casting
36:18 Fletching
36:32 Padded Archer Armor
37:05 Bodkin Arrow
38:27 Leather Archer Armor
38:17 Bracer
38:57 Parthian Tactics
38:40 Thumb Ring
39:05 Conscription
40:03 Ring Archer Armor
40:08 Ballistics
39:22 Heavy Cavalry Archer
41:19 Chemistry
42:50 Two-Man Saw
42:15 Bloodlines
42:07 Husbandry
43:17 Kataparuto
46:22 Plate Mail Armor
49:28 Blast Furnace
oncemore
6:20 Loom
10:08 Feudal Age
11:36 Double-Bit Axe
14:15 Horse Collar
15:31 Scale Mail Armor
20:07 Castle Age
18:21 Arson
19:21 Forging
19:56 Man-at-Arms
20:58 Squires
20:45 Gambesons
22:02 Gold Mining
24:25 Chain Mail Armor
25:39 Gold Shaft Mining
31:19 Wheelbarrow
31:22 Iron Casting
32:49 Scale Barding Armor
32:29 Light Cavalry
33:09 Husbandry
34:44 Hand Cart
38:56 Imperial Age
37:17 Murder Holes
37:33 Fortified Wall
39:43 Chain Barding Armor
39:25 Padded Archer Armor
39:15 Fletching
39:51 Heavy Camel Rider
39:53 Hussar
41:37 Plate Barding Armor
42:07 Chemistry
41:40 Elite Skirmisher
42:59 Thumb Ring
42:15 Crossbowman
45:41 Logistica
48:24 Leather Archer Armor
48:05 Bodkin Arrow
48:40 Plate Mail Armor
48:55 Stone Mining
49:17 Heavy Plow
53:49 Elite Varangian Guard
53:50 Pikeman
53:50 Long Swordsman
55:28 Ring Archer Armor
54:59 Bracer
55:16 Bow Saw
Connection lost

Rejoining the realm…

Still unreachable

The connection could not be restored.

Session expired

The server has moved on; the page needs a fresh start.